Penguins vs Panthers
(R1)
Created - November 28, 2022 at 19:30
Goals
|
Penguins |
0 |
1 |
2 |
1 |
4 |
Panthers |
0 |
2 |
1 |
0 |
3 |
|
Shots
|
Penguins |
9 |
14 |
14 |
1 |
38 |
Panthers |
3 |
19 |
9 |
0 |
31 |
|
1st period
No Goal
Penalties :
Paul Stastny (Pit) for Hooking (Minor) at 3:28, Quinton Howden (Flo) for Roughing (Minor) at 7:44, Jamie Benn (Pit) for Slashing (Double Minor) at 11:14, Oliver Ekman-Larsson (Pit) for Tripping (Minor) at 18:56
2nd period
1. Penguins , Steven Stamkos 7 (William Nylander 4, Nikita Kucherov 7) at 7:08 (PP)
2. Panthers , Erik Gudbranson 5 (Kyle Okposo 1) at 9:32 (PP)
3. Panthers , Kris Versteeg 3 (Alex Goligoski 5, Anze Kopitar 2) at 9:38
Penalties :
Anze Kopitar (Flo) for Holding (Minor) at 2:41, Alex Goligoski (Flo) for Hooking (Minor) at 6:04, Frederick Gaudreau (Pit) for Cross-checking (Minor) at 9:00, Nick Leddy (Pit) for Roughing (Minor) at 10:43, Erik Gudbranson (Flo) for Hooking (Minor) at 16:07
3rd period
4. Panthers , Chris Bourque 1 (Dalton Prout 1, Quinton Howden 2) at 2:09
5. Penguins , Jamie Benn 5 (Steven Stamkos 10, Oscar Klefbom 6) at 2:22
6. Penguins , Oliver Ekman-Larsson 1 (Oscar Klefbom 7) at 8:10 (PP)
Penalties :
Kris Versteeg (Flo) for Hooking (Minor) at 7:05, Oliver Ekman-Larsson (Pit) for Hooking (Minor) at 11:05, Niklas Hansson (Flo) for Hooking (Minor) at 14:34
Overtime #1
7. Penguins , Derek Stepan 7 (Steven Stamkos 11, Oscar Klefbom 8) at 0:44
Penalties :
No Penalty
Goalie Stats
Andrei Vasilevskiy (Pit), 28 saves from 31 shots - (0.903), W, 4-2-0, 60:44 minutes
Jonathan Quick (Flo), 34 saves from 38 shots - (0.895), OTL, 3-5-1, 60:44 minutes
Players Stats for Penguins
Player Name G A P +/- PIM S H SB GA TA FO MP PP MP PK MP
------------------------------------------------------------------------------------
Brandon Tanev 0 0 0 0 0 1 0 0 0 0 0/0 5:50 0:02 0:00
Cal Clutterbuck 0 0 0 -1 0 0 1 0 1 0 0/2 14:41 0:54 6:34
Derek Stepan 1 0 1 1 0 3 1 0 1 0 6/11 15:21 3:47 2:17
Frederick Gaudreau 0 0 0 -1 2 0 0 0 0 0 2/2 13:15 0:00 3:49
Jamie Benn 1 0 1 0 4 5 0 1 1 0 0/0 17:29 3:40 0:46
Josh Jooris 0 0 0 0 0 3 0 0 0 0 4/5 5:50 0:02 0:00
Justin Schultz 0 0 0 0 0 1 0 0 1 1 0/0 19:05 0:00 4:30
Keith Aulie 0 0 0 0 0 3 1 2 1 1 0/0 22:07 2:28 5:28
Marcus Foligno 0 0 0 0 0 4 2 0 0 1 0/1 22:55 2:53 3:59
Mats Zuccarello 0 0 0 0 0 0 2 0 0 0 0/0 5:50 0:02 0:00
Nick Leddy 0 0 0 0 2 1 1 0 0 1 0/0 14:45 6:52 1:27
Nikita Kucherov 0 1 1 1 0 3 1 0 1 0 1/2 15:23 6:16 0:00
Oliver Ekman-Larsson 1 0 1 0 4 3 0 0 0 0 0/0 28:28 6:52 4:53
Oscar Klefbom 0 3 3 0 0 1 1 0 0 0 0/0 20:10 3:13 0:36
Paul Stastny 0 0 0 -1 2 3 1 0 0 0 0/0 10:31 0:00 1:08
Robert Hagg 0 0 0 0 0 1 1 2 1 2 0/0 16:59 0:45 8:00
Steven Stamkos 1 2 3 0 0 4 3 0 1 1 25/45 26:17 6:16 6:21
William Nylander 0 1 1 0 0 2 0 0 0 0 2/2 15:27 6:23 0:00
Players Stats for Panthers
Player Name G A P +/- PIM S H SB GA TA FO MP PP MP PK MP
------------------------------------------------------------------------------------
Alex Goligoski 0 1 1 0 2 0 3 0 0 1 0/0 26:55 7:11 1:31
Alexander Semin 0 0 0 -1 0 3 0 0 2 1 0/0 20:07 4:41 3:30
Anze Kopitar 0 1 1 0 2 5 3 1 0 0 24/47 23:38 6:41 5:12
Beau Bennett 0 0 0 0 0 2 4 0 1 0 0/0 8:16 0:57 0:00
Benoit Pouliot 0 0 0 0 0 1 0 3 1 0 0/1 10:56 1:05 0:21
Cameron Gaunce 0 0 0 1 0 1 1 1 0 0 0/0 16:18 0:30 5:06
Chris Bourque 1 0 1 1 0 1 1 1 0 0 0/0 6:39 0:02 0:00
Dalton Prout 0 1 1 0 0 3 0 1 0 1 0/0 22:28 4:46 6:04
Elias Lindholm 0 0 0 0 0 0 1 0 0 0 1/2 11:31 0:25 1:36
Erik Gudbranson 1 0 1 0 2 3 3 1 0 1 0/0 28:53 7:11 3:07
Kris Versteeg 1 0 1 0 2 2 1 0 2 0 0/0 23:22 6:42 5:33
Kyle Okposo 0 1 1 0 0 3 2 1 0 1 0/1 16:54 4:41 0:00
Marek Svatos 0 0 0 1 0 0 0 0 0 1 0/4 8:31 0:52 2:00
Miro Aaltonen 0 0 0 -1 0 3 2 2 1 0 5/14 16:21 4:44 0:00
Morgan Rielly 0 0 0 -1 0 2 0 1 0 1 0/0 14:02 4:46 0:29
Niklas Hansson 0 0 0 0 2 0 1 3 0 0 0/0 12:52 0:30 3:53
Quinton Howden 0 1 1 1 2 1 1 0 0 0 0/1 7:37 0:00 1:58
Timo Meier 0 0 0 0 0 1 0 0 0 1 0/0 17:25 6:31 0:00
3 Stars
1 - Steven Stamkos (Pit)
2 - Oscar Klefbom (Pit)
3 - Derek Stepan (Pit)
Power Play
Penguins - 2 on 6 Attempt(s) - 33.33%
Panthers - 1 on 7 Attempt(s) - 14.29%
Penalty Kill
Penguins - 6 on 7 Attempt(s) - 85.71%
- Score 0 goal in Penalty Kill
Panthers - 4 on 6 Attempt(s) - 66.67%
- Score 0 goal in Penalty Kill
Team Stat
Penguins - Hits : 15 - Faceoff Wins : 40 - Blocked Shots : 5 - Penalty Minutes : 14
Panthers - Hits : 23 - Faceoff Wins : 30 - Blocked Shots : 15 - Penalty Minutes : 12
Official
Referees : Ghislain Hebert and Pierre Lambert
Linesman : Tyson Baker and Libor Suchanek
Game Notes
Beau Bennett is injured at 5:45 of 3rd period (Bruised Right Arm)
Finance
Level 1 -- Attendance: 5938 (98.97%) -- Ticket Income $593,800
Level 2 -- Attendance: 4493 (89.86%) -- Ticket Income $269,580
Level 3 -- Attendance: 1886 (94.30%) -- Ticket Income $66,010
Level 4 -- Attendance: 3792 (94.80%) -- Ticket Income $94,800
Luxury Box -- Attendance: 994 (99.40%) -- Ticket Income $198,800
Game was played at the BBT Center.
Total Attendance: 17103 (95.02%)
Total Ticket Income: $1,222,990
Other Income: $183,448
Total Income: $1,406,438
Penguins
5 vs 5 Forward
Center Left Wing Right Wing Time % Phy DF OF
1 Steven Stamkos Jamie Benn Marcus Foligno 40 1 2 2
2 Derek Stepan William Nylander Nikita Kucherov 30 1 2 2
3 Frederick Gaudreau Paul Stastny Cal Clutterbuck 20 1 2 2
4 Josh Jooris Brandon Tanev Mats Zuccarello 10 1 2 2
5 vs 5 Defense
Defense Defense Time % Phy DF OF
1 Oliver Ekman-Larsson Oscar Klefbom 40 1 2 2
2 Keith Aulie Justin Schultz 30 1 2 2
3 Nick Leddy Robert Hagg 20 1 2 2
4 Oliver Ekman-Larsson Oscar Klefbom 10 1 2 2
PowerPlay Forward
Center Left Wing Right Wing Time % Phy DF OF
1 Steven Stamkos William Nylander Nikita Kucherov 60 1 0 4
2 Derek Stepan Jamie Benn Marcus Foligno 40 1 0 4
PowerPlay Defense
Defense Defense Time % Phy DF OF
1 Oliver Ekman-Larsson Nick Leddy 60 1 1 3
2 Keith Aulie Oscar Klefbom 40 1 1 3
Penalty Kill 4 Players Forward
Center Wing Time % Phy DF OF
1 Steven Stamkos Cal Clutterbuck 60 1 4 0
2 Frederick Gaudreau Marcus Foligno 40 1 4 0
Penalty Kill 4 Players Defense
Defense Defense Time % Phy DF OF
1 Oliver Ekman-Larsson Robert Hagg 60 1 4 0
2 Keith Aulie Justin Schultz 40 1 4 0
Penalty Kill - 3 Players Forward
Forward Time % Phy DF OF
1 Cal Clutterbuck 60 1 4 0
2 Marcus Foligno 40 1 4 0
Penalty Kill - 3 Players Defense
Defense Defense Time % Phy DF OF
1 Oliver Ekman-Larsson Robert Hagg 60 1 4 0
2 Keith Aulie Justin Schultz 40 1 4 0
4 vs 4 Forward
Center Wing Time % Phy DF OF
1 Steven Stamkos Marcus Foligno 60 1 2 2
2 Derek Stepan Nikita Kucherov 40 1 2 2
4 vs 4 Defense
Defense Defense Time % Phy DF OF
1 Oliver Ekman-Larsson Oscar Klefbom 60 1 2 2
2 Keith Aulie Justin Schultz 40 1 2 2
Last Minutes Offensive
Center Left Wing Right Wing Defense Defense
Steven Stamkos William Nylander Nikita Kucherov Oliver Ekman-Larsson Oscar Klefbom
Last Minutes Defensive
Center Left Wing Right Wing Defense Defense
Frederick Gaudreau Brandon Tanev Cal Clutterbuck Oliver Ekman-Larsson Keith Aulie
Goaltenders
Starting : Andrei Vasilevskiy
Backup : Viktor Fasth
Extra Forwards
Normal : Steven Stamkos, Derek Stepan, Paul Stastny - PP : Steven Stamkos, Derek Stepan - PK : Cal Clutterbuck
Extra Defensemen
Normal : Oliver Ekman-Larsson, Keith Aulie, Robert Hagg - PP : Nick Leddy - PK : Oliver Ekman-Larsson, Keith Aulie
Penalty Shots
Steven Stamkos, Nikita Kucherov, Derek Stepan, William Nylander, Marcus Foligno
Scratches
Andy Andreoff (Healthy), Jamie Arniel (Torn Right Knee Ligaments Injury), Joe Colborne (Right Eye Injury)
Panthers
5 vs 5 Forward
Center Left Wing Right Wing Time % Phy DF OF
1 Anze Kopitar Timo Meier Kris Versteeg 40 1 2 2
2 Miro Aaltonen Alexander Semin Kyle Okposo 30 1 2 2
3 Elias Lindholm Benoit Pouliot Beau Bennett 20 1 2 2
4 Quinton Howden Chris Bourque Marek Svatos 10 1 2 2
5 vs 5 Defense
Defense Defense Time % Phy DF OF
1 Erik Gudbranson Alex Goligoski 40 1 2 2
2 Dalton Prout Cameron Gaunce 30 1 2 2
3 Morgan Rielly Niklas Hansson 20 1 2 2
4 Erik Gudbranson Alex Goligoski 10 1 2 2
PowerPlay Forward
Center Left Wing Right Wing Time % Phy DF OF
1 Anze Kopitar Timo Meier Kris Versteeg 60 1 2 2
2 Miro Aaltonen Alexander Semin Kyle Okposo 40 1 2 2
PowerPlay Defense
Defense Defense Time % Phy DF OF
1 Erik Gudbranson Alex Goligoski 60 1 2 2
2 Dalton Prout Morgan Rielly 40 1 2 2
Penalty Kill 4 Players Forward
Center Wing Time % Phy DF OF
1 Anze Kopitar Kris Versteeg 60 1 2 2
2 Quinton Howden Alexander Semin 40 1 2 2
Penalty Kill 4 Players Defense
Defense Defense Time % Phy DF OF
1 Erik Gudbranson Niklas Hansson 60 1 2 2
2 Dalton Prout Cameron Gaunce 40 1 2 2
Penalty Kill - 3 Players Forward
Forward Time % Phy DF OF
1 Anze Kopitar 60 1 2 2
2 Kris Versteeg 40 1 2 2
Penalty Kill - 3 Players Defense
Defense Defense Time % Phy DF OF
1 Erik Gudbranson Niklas Hansson 60 1 2 2
2 Dalton Prout Cameron Gaunce 40 1 2 2
4 vs 4 Forward
Center Wing Time % Phy DF OF
1 Anze Kopitar Timo Meier 60 1 2 2
2 Miro Aaltonen Alexander Semin 40 1 2 2
4 vs 4 Defense
Defense Defense Time % Phy DF OF
1 Erik Gudbranson Alex Goligoski 60 1 2 2
2 Dalton Prout Morgan Rielly 40 1 2 2
Last Minutes Offensive
Center Left Wing Right Wing Defense Defense
Anze Kopitar Timo Meier Kris Versteeg Erik Gudbranson Alex Goligoski
Last Minutes Defensive
Center Left Wing Right Wing Defense Defense
Anze Kopitar Alexander Semin Kris Versteeg Erik Gudbranson Niklas Hansson
Goaltenders
Starting : Jonathan Quick
Backup : Ville Husso
Extra Forwards
Normal : Chris Bourque, Timo Meier, Anze Kopitar - PP : Benoit Pouliot, Beau Bennett - PK : Marek Svatos
Extra Defensemen
Normal : Morgan Rielly, Erik Gudbranson, Dalton Prout - PP : Niklas Hansson - PK : Niklas Hansson, Dalton Prout
Penalty Shots
Alexander Semin, Kris Versteeg, Benoit Pouliot, Beau Bennett, Anze Kopitar
Scratches
None
% Time on Ice - Penguins
Lines # - Real PCT - Wanted PCT - Time Play
Normal Forward
1 - 37% - 40% - 13:46
2 - 31% - 30% - 11:33
3 - 19% - 20% - 7:07
4 - 13% - 10% - 5:02
Normal Defense
1 - 46% - 40% - 17:14
2 - 36% - 30% - 13:27
3 - 17% - 20% - 6:20
4 - 1% - 10% - 0:27
PP Forward
1 - 71% - 60% - 7:12
2 - 29% - 40% - 2:53
PP Defense
1 - 76% - 60% - 7:37
2 - 24% - 40% - 2:28
PK Forward
1 - 68% - 60% - 8:28
2 - 32% - 40% - 3:59
PK Defense
1 - 71% - 60% - 8:51
2 - 29% - 40% - 3:36
PK3 Forward
1 - 0% - 60%
2 - 0% - 40%
PK3 Defense
1 - 0% - 60%
2 - 0% - 40%
44 Forward
1 - 93% - 60% - 0:41
2 - 7% - 40% - 0:03
44 Defense
1 - 100% - 60% - 0:44
2 - 0% - 40% - 0:00
Last Minute Offensive - 0:00
Last Minute Defensive - 0:00
Total
Forward - 60:44
Defense - 60:44
|
% Time on Ice - Panthers
Lines # - Real PCT - Wanted PCT - Time Play
Normal Forward
1 - 31% - 40% - 11:42
2 - 31% - 30% - 11:45
3 - 24% - 20% - 9:07
4 - 13% - 10% - 4:54
Normal Defense
1 - 47% - 40% - 17:35
2 - 32% - 30% - 12:00
3 - 20% - 20% - 7:21
4 - 1% - 10% - 0:32
PP Forward
1 - 59% - 60% - 7:24
2 - 41% - 40% - 5:03
PP Defense
1 - 58% - 60% - 7:11
2 - 42% - 40% - 5:16
PK Forward
1 - 80% - 60% - 8:07
2 - 20% - 40% - 1:58
PK Defense
1 - 55% - 60% - 5:35
2 - 45% - 40% - 4:30
PK3 Forward
1 - 0% - 60%
2 - 0% - 40%
PK3 Defense
1 - 0% - 60%
2 - 0% - 40%
44 Forward
1 - 86% - 60% - 0:38
2 - 14% - 40% - 0:06
44 Defense
1 - 86% - 60% - 0:38
2 - 14% - 40% - 0:06
Last Minute Offensive - 0:00
Last Minute Defensive - 0:00
Total
Forward - 60:44
Defense - 60:44
|
Play-by-Play
1st period
0:01 of 1st period - Steven Stamkos wins face-off versus Anze Kopitar in neutral zone.
0:27 of 1st period - Derek Stepan is hit by Alex Goligoski and loses puck.
0:56 of 1st period - Oliver Ekman-Larsson is hit by Beau Bennett and loses puck.
1:09 of 1st period - Wrist shot by Brandon Tanev.
1:09 of 1st period - Shot Blocked by Chris Bourque.
1:11 of 1st period - Wrist shot by Josh Jooris.
1:11 of 1st period - Shot Misses the Net.
1:13 of 1st period - Slapshot by Oscar Klefbom.
1:13 of 1st period - Shot Blocked by Niklas Hansson.
1:15 of 1st period - Slapshot by Oliver Ekman-Larsson.
1:15 of 1st period - Stopped by Jonathan Quick without a rebound.
1:16 of 1st period - Steven Stamkos wins face-off versus Anze Kopitar in Panthers zone.
1:47 of 1st period - Off-side.
1:48 of 1st period - Miro Aaltonen wins face-off versus Nikita Kucherov in neutral zone.
2:15 of 1st period - Snap shot by Kyle Okposo.
2:15 of 1st period - Stopped by Andrei Vasilevskiy without a rebound.
2:16 of 1st period - Steven Stamkos wins face-off versus Anze Kopitar in Penguins zone.
2:46 of 1st period - Wrist shot by Beau Bennett.
2:46 of 1st period - Stopped by Andrei Vasilevskiy without a rebound.
2:47 of 1st period - Frederick Gaudreau wins face-off versus Benoit Pouliot in Penguins zone.
2:47 of 1st period - Frederick Gaudreau is hit by Beau Bennett.
3:13 of 1st period - Oscar Klefbom is hit by Beau Bennett.
3:28 of 1st period - Minor Penalty to Paul Stastny for Hooking.
3:29 of 1st period - Steven Stamkos wins face-off versus Anze Kopitar in Penguins zone.
3:34 of 1st period - Icing by Kris Versteeg.
3:35 of 1st period - Steven Stamkos wins face-off versus Anze Kopitar in Panthers zone.
4:39 of 1st period - Keith Aulie is hit by Anze Kopitar and loses puck.
5:28 of 1st period - Penalty to Paul Stastny is over, Paul Stastny is back on ice.
5:42 of 1st period - Slapshot by Keith Aulie.
5:42 of 1st period - Stopped by Jonathan Quick with a rebound.
5:54 of 1st period - Snap shot by Paul Stastny.
5:54 of 1st period - Stopped by Jonathan Quick with a rebound.
6:20 of 1st period - Wrist shot by Marcus Foligno.
6:20 of 1st period - Shot Misses the Net.
6:48 of 1st period - Marcus Foligno is hit by Erik Gudbranson.
7:04 of 1st period - Frederick Gaudreau is hit by Alex Goligoski and loses puck.
7:21 of 1st period - Wrist shot by Chris Bourque.
7:21 of 1st period - Shot Blocked by Keith Aulie.
7:29 of 1st period - Snap shot by Paul Stastny.
7:29 of 1st period - Stopped by Jonathan Quick with a rebound.
7:44 of 1st period - Minor Penalty to Quinton Howden for Roughing.
7:45 of 1st period - Steven Stamkos wins face-off versus Anze Kopitar in Panthers zone.
7:45 of 1st period - Wrist shot by Nikita Kucherov.
7:45 of 1st period - Shot Blocked by Dalton Prout.
7:47 of 1st period - Snap shot by Steven Stamkos.
7:47 of 1st period - Shot Blocked by Anze Kopitar.
7:53 of 1st period - Wrist shot by Nikita Kucherov.
7:53 of 1st period - Shot Misses the Net.
7:55 of 1st period - Slapshot by Nick Leddy.
7:55 of 1st period - Shot Blocked by Cameron Gaunce.
9:44 of 1st period - Penalty to Quinton Howden is over, Quinton Howden is back on ice.
10:29 of 1st period - Slapshot by Oscar Klefbom.
10:29 of 1st period - Deflect By Brandon Tanev.
10:29 of 1st period - Stopped by Jonathan Quick without a rebound.
10:30 of 1st period - Derek Stepan wins face-off versus Kyle Okposo in Panthers zone.
10:31 of 1st period - Snap shot by Nikita Kucherov.
10:31 of 1st period - Stopped by Jonathan Quick without a rebound.
10:32 of 1st period - Derek Stepan wins face-off versus Miro Aaltonen in Panthers zone.
10:35 of 1st period - Wrist shot by Derek Stepan.
10:35 of 1st period - Stopped by Jonathan Quick with a rebound.
11:04 of 1st period - Snap shot by Elias Lindholm.
11:04 of 1st period - Shot Misses the Net.
11:14 of 1st period - Double Minor Penalty to Jamie Benn for Slashing.
11:15 of 1st period - Steven Stamkos wins face-off versus Anze Kopitar in Penguins zone.
11:32 of 1st period - Anze Kopitar is hit by Steven Stamkos and loses puck.
13:27 of 1st period - Morgan Rielly is hit by Marcus Foligno and loses puck.
15:14 of 1st period - Penalty to Jamie Benn is over, Jamie Benn is back on ice.
15:21 of 1st period - Oscar Klefbom is hit by Chris Bourque and loses puck.
15:33 of 1st period - Oscar Klefbom is hit by Quinton Howden and loses puck.
15:48 of 1st period - Derek Stepan is hit by Elias Lindholm and loses puck.
16:42 of 1st period - Dalton Prout is hit by Steven Stamkos and loses puck.
17:21 of 1st period - Keith Aulie is hit by Kyle Okposo and loses puck.
17:38 of 1st period - Slapshot by Keith Aulie.
17:38 of 1st period - Stopped by Jonathan Quick without a rebound.
17:39 of 1st period - Josh Jooris wins face-off versus Miro Aaltonen in Panthers zone.
17:46 of 1st period - Snap shot by Josh Jooris.
17:46 of 1st period - Stopped by Jonathan Quick with a rebound.
17:48 of 1st period - Slapshot by Robert Hagg.
17:48 of 1st period - Deflect By Josh Jooris.
17:48 of 1st period - Shot Blocked by Morgan Rielly.
17:48 of 1st period - Puck is out of play.
17:49 of 1st period - Anze Kopitar wins face-off versus Steven Stamkos in Panthers zone.
17:49 of 1st period - Anze Kopitar is hit by Marcus Foligno.
18:25 of 1st period - Oscar Klefbom is hit by Niklas Hansson and loses puck.
18:56 of 1st period - Minor Penalty to Oliver Ekman-Larsson for Tripping.
18:57 of 1st period - Anze Kopitar wins face-off versus Steven Stamkos in Penguins zone.
19:11 of 1st period - Wrist shot by Erik Gudbranson.
19:11 of 1st period - Stopped by Andrei Vasilevskiy without a rebound.
19:12 of 1st period - Anze Kopitar wins face-off versus Cal Clutterbuck in Penguins zone.
Goals for this period are 0 for Penguins vs 0 for Panthers.
Shots for this period are 9 for Penguins vs 3 for Panthers.
2nd period
0:01 of 2nd period - Anze Kopitar wins face-off versus Steven Stamkos in neutral zone.
0:26 of 2nd period - Marcus Foligno is hit by Miro Aaltonen and loses puck.
0:37 of 2nd period - Wrist shot by Kyle Okposo.
0:37 of 2nd period - Stopped by Andrei Vasilevskiy without a rebound.
0:38 of 2nd period - Steven Stamkos wins face-off versus Anze Kopitar in Penguins zone.
0:38 of 2nd period - Cal Clutterbuck is hit by Anze Kopitar and loses puck.
0:56 of 2nd period - Penalty to Oliver Ekman-Larsson is over, Oliver Ekman-Larsson is back on ice.
1:07 of 2nd period - Slapshot by Keith Aulie.
1:07 of 2nd period - Deflect By Nikita Kucherov.
1:07 of 2nd period - Shot Misses the Net.
1:07 of 2nd period - Puck is out of play.
1:08 of 2nd period - Derek Stepan wins face-off versus Miro Aaltonen in Panthers zone.
1:19 of 2nd period - Snap shot by Derek Stepan.
1:19 of 2nd period - Shot Blocked by Kyle Okposo.
1:21 of 2nd period - Snap shot by Derek Stepan.
1:21 of 2nd period - Stopped by Jonathan Quick with a rebound.
1:23 of 2nd period - Wrist shot by Nikita Kucherov.
1:23 of 2nd period - Shot Blocked by Erik Gudbranson.
1:25 of 2nd period - Snap shot by Oliver Ekman-Larsson.
1:25 of 2nd period - Shot Misses the Net.
2:22 of 2nd period - Slapshot by Oscar Klefbom.
2:22 of 2nd period - Deflect By Cameron Gaunce.
2:22 of 2nd period - Stopped by Jonathan Quick without a rebound.
2:23 of 2nd period - Josh Jooris wins face-off versus Quinton Howden in Panthers zone.
2:24 of 2nd period - Slapshot by Brandon Tanev.
2:24 of 2nd period - Shot Blocked by Niklas Hansson.
2:26 of 2nd period - Snap shot by Keith Aulie.
2:26 of 2nd period - Deflect By Josh Jooris.
2:26 of 2nd period - Stopped by Jonathan Quick without a rebound.
2:27 of 2nd period - Josh Jooris wins face-off versus Anze Kopitar in Panthers zone.
2:34 of 2nd period - Slapshot by Justin Schultz.
2:34 of 2nd period - Shot Misses the Net.
2:41 of 2nd period - Minor Penalty to Anze Kopitar for Holding.
2:42 of 2nd period - Steven Stamkos wins face-off versus Marek Svatos in Panthers zone.
2:52 of 2nd period - Backhand shot by Steven Stamkos.
2:52 of 2nd period - Deflect By William Nylander.
2:52 of 2nd period - Shot Blocked by Niklas Hansson.
2:52 of 2nd period - Puck is out of play.
2:53 of 2nd period - Steven Stamkos wins face-off versus Marek Svatos in Panthers zone.
3:04 of 2nd period - Snap shot by Nikita Kucherov.
3:04 of 2nd period - Stopped by Jonathan Quick without a rebound.
3:05 of 2nd period - Steven Stamkos wins face-off versus Marek Svatos in Panthers zone.
3:12 of 2nd period - Wrist shot by Nikita Kucherov.
3:12 of 2nd period - Deflect By William Nylander.
3:12 of 2nd period - Stopped by Jonathan Quick without a rebound.
3:13 of 2nd period - William Nylander wins face-off versus Marek Svatos in Panthers zone.
4:41 of 2nd period - Penalty to Anze Kopitar is over, Anze Kopitar is back on ice.
4:55 of 2nd period - Dalton Prout is hit by Paul Stastny and loses puck.
5:21 of 2nd period - Wrist shot by Brandon Tanev.
5:21 of 2nd period - Shot Misses the Net.
5:50 of 2nd period - Erik Gudbranson is hit by Derek Stepan and loses puck.
6:04 of 2nd period - Minor Penalty to Alex Goligoski for Hooking.
6:05 of 2nd period - Steven Stamkos wins face-off versus Anze Kopitar in Panthers zone.
6:17 of 2nd period - Wrist shot by Steven Stamkos.
6:17 of 2nd period - Deflect By William Nylander.
6:17 of 2nd period - Stopped by Jonathan Quick without a rebound.
6:18 of 2nd period - Anze Kopitar wins face-off versus Steven Stamkos in Panthers zone.
6:22 of 2nd period - Off-side.
6:23 of 2nd period - Anze Kopitar wins face-off versus Steven Stamkos in neutral zone.
6:26 of 2nd period - Slapshot by Cameron Gaunce.
6:26 of 2nd period - Deflect By Anze Kopitar.
6:26 of 2nd period - Deflect By Oliver Ekman-Larsson.
6:26 of 2nd period - Shot Misses the Net.
6:26 of 2nd period - Puck is out of play.
6:27 of 2nd period - Anze Kopitar wins face-off versus Steven Stamkos in Penguins zone.
6:34 of 2nd period - Snap shot by Anze Kopitar.
6:34 of 2nd period - Shot Misses the Net.
7:00 of 2nd period - Snap shot by Steven Stamkos.
7:00 of 2nd period - Shot Misses the Net.
7:02 of 2nd period - Wrist shot by Nikita Kucherov.
7:02 of 2nd period - Stopped by Jonathan Quick with a rebound.
7:04 of 2nd period - Snap shot by Nikita Kucherov.
7:04 of 2nd period - Shot Misses the Net.
7:06 of 2nd period - Snap shot by William Nylander.
7:06 of 2nd period - Shot Misses the Net.
7:08 of 2nd period - Snap shot by Steven Stamkos.
7:08 of 2nd period - Goal by Steven Stamkos - Penguins : 1 - Panthers : 0.
7:09 of 2nd period - Steven Stamkos wins face-off versus Miro Aaltonen in neutral zone.
7:39 of 2nd period - Wrist shot by Anze Kopitar.
7:39 of 2nd period - Stopped by Andrei Vasilevskiy with a rebound.
7:41 of 2nd period - Slapshot by Alex Goligoski.
7:41 of 2nd period - Deflect By Timo Meier.
7:41 of 2nd period - Shot Blocked by Keith Aulie.
7:41 of 2nd period - Puck is out of play.
7:42 of 2nd period - Miro Aaltonen wins face-off versus Steven Stamkos in Penguins zone.
7:43 of 2nd period - Snap shot by Alexander Semin.
7:43 of 2nd period - Deflect By Steven Stamkos.
7:43 of 2nd period - Shot Blocked by Jamie Benn.
7:43 of 2nd period - Puck is out of play.
7:44 of 2nd period - Steven Stamkos wins face-off versus Miro Aaltonen in Penguins zone.
7:53 of 2nd period - Snap shot by Kyle Okposo.
7:53 of 2nd period - Deflect By Alexander Semin.
7:53 of 2nd period - Stopped by Andrei Vasilevskiy without a rebound.
7:54 of 2nd period - Anze Kopitar wins face-off versus Steven Stamkos in Penguins zone.
7:55 of 2nd period - Snap shot by Kris Versteeg.
7:55 of 2nd period - Stopped by Andrei Vasilevskiy without a rebound.
7:56 of 2nd period - Anze Kopitar wins face-off versus Steven Stamkos in Penguins zone.
8:07 of 2nd period - Wrist shot by Anze Kopitar.
8:07 of 2nd period - Shot Misses the Net.
8:09 of 2nd period - Slapshot by Alex Goligoski.
8:09 of 2nd period - Shot Misses the Net.
8:11 of 2nd period - Slapshot by Kris Versteeg.
8:11 of 2nd period - Shot Misses the Net.
8:13 of 2nd period - Slapshot by Anze Kopitar.
8:13 of 2nd period - Stopped by Andrei Vasilevskiy with a rebound.
8:33 of 2nd period - Snap shot by Miro Aaltonen.
8:33 of 2nd period - Stopped by Andrei Vasilevskiy with a rebound.
8:47 of 2nd period - Keith Aulie is hit by Cameron Gaunce and loses puck.
9:00 of 2nd period - Minor Penalty to Frederick Gaudreau for Cross-checking.
9:01 of 2nd period - Anze Kopitar wins face-off versus Steven Stamkos in Penguins zone.
9:18 of 2nd period - Slapshot by Alex Goligoski.
9:18 of 2nd period - Shot Blocked by Robert Hagg.
9:32 of 2nd period - Slapshot by Erik Gudbranson.
9:32 of 2nd period - Goal by Erik Gudbranson - Penguins : 1 - Panthers : 1.
9:33 of 2nd period - Anze Kopitar wins face-off versus Steven Stamkos in neutral zone.
9:38 of 2nd period - Snap shot by Kris Versteeg.
9:38 of 2nd period - Goal by Kris Versteeg - Penguins : 1 - Panthers : 2.
9:39 of 2nd period - Anze Kopitar wins face-off versus Steven Stamkos in neutral zone.
9:42 of 2nd period - Slapshot by Erik Gudbranson.
9:42 of 2nd period - Stopped by Andrei Vasilevskiy with a rebound.
9:56 of 2nd period - Slapshot by Steven Stamkos.
9:56 of 2nd period - Stopped by Jonathan Quick with a rebound.
10:31 of 2nd period - Wrist shot by Cameron Gaunce.
10:31 of 2nd period - Shot Blocked by Robert Hagg.
10:43 of 2nd period - Minor Penalty to Nick Leddy for Roughing.
10:44 of 2nd period - Steven Stamkos wins face-off versus Anze Kopitar in Penguins zone.
10:44 of 2nd period - Steven Stamkos is hit by Kris Versteeg.
11:44 of 2nd period - Off-side.
11:45 of 2nd period - Frederick Gaudreau wins face-off versus Anze Kopitar in neutral zone.
11:50 of 2nd period - Slapshot by Marcus Foligno.
11:50 of 2nd period - Stopped by Jonathan Quick without a rebound.
11:51 of 2nd period - Anze Kopitar wins face-off versus Steven Stamkos in Panthers zone.
12:00 of 2nd period - Wrist shot by Anze Kopitar.
12:00 of 2nd period - Stopped by Andrei Vasilevskiy with a rebound.
12:02 of 2nd period - Wrist shot by Anze Kopitar.
12:02 of 2nd period - Stopped by Andrei Vasilevskiy with a rebound.
12:04 of 2nd period - Slapshot by Morgan Rielly.
12:04 of 2nd period - Stopped by Andrei Vasilevskiy with a rebound.
12:06 of 2nd period - Snap shot by Anze Kopitar.
12:06 of 2nd period - Stopped by Andrei Vasilevskiy with a rebound.
12:08 of 2nd period - Slapshot by Timo Meier.
12:08 of 2nd period - Stopped by Andrei Vasilevskiy with a rebound.
12:10 of 2nd period - Slapshot by Dalton Prout.
12:10 of 2nd period - Deflect By Steven Stamkos.
12:10 of 2nd period - Stopped by Andrei Vasilevskiy with a rebound.
12:12 of 2nd period - Slapshot by Morgan Rielly.
12:12 of 2nd period - Stopped by Andrei Vasilevskiy without a rebound.
12:13 of 2nd period - Steven Stamkos wins face-off versus Miro Aaltonen in Penguins zone.
12:37 of 2nd period - Frederick Gaudreau is hit by Alex Goligoski and loses puck.
12:43 of 2nd period - Penalty to Nick Leddy is over, Nick Leddy is back on ice.
12:56 of 2nd period - Snap shot by Beau Bennett.
12:56 of 2nd period - Deflect By Benoit Pouliot.
12:56 of 2nd period - Stopped by Andrei Vasilevskiy with a rebound.
13:13 of 2nd period - Off-side.
13:14 of 2nd period - Steven Stamkos wins face-off versus Miro Aaltonen in neutral zone.
13:21 of 2nd period - Snap shot by Marcus Foligno.
13:21 of 2nd period - Shot Misses the Net.
13:41 of 2nd period - Steven Stamkos is hit by Beau Bennett and loses puck.
13:58 of 2nd period - Wrist shot by Steven Stamkos.
13:58 of 2nd period - Shot Misses the Net.
14:51 of 2nd period - Snap shot by Jamie Benn.
14:51 of 2nd period - Stopped by Jonathan Quick with a rebound.
14:53 of 2nd period - Snap shot by Jamie Benn.
14:53 of 2nd period - Shot Blocked by Benoit Pouliot.
14:55 of 2nd period - Wrist shot by Marcus Foligno.
14:55 of 2nd period - Stopped by Jonathan Quick without a rebound.
14:56 of 2nd period - Anze Kopitar wins face-off versus Derek Stepan in Panthers zone.
15:23 of 2nd period - Kyle Okposo is hit by Mats Zuccarello and loses puck.
15:30 of 2nd period - Wrist shot by Brandon Tanev.
15:30 of 2nd period - Shot Misses the Net.
15:32 of 2nd period - Slapshot by Nick Leddy.
15:32 of 2nd period - Stopped by Jonathan Quick without a rebound.
15:33 of 2nd period - Miro Aaltonen wins face-off versus Cal Clutterbuck in Panthers zone.
15:42 of 2nd period - Wrist shot by Cal Clutterbuck.
15:42 of 2nd period - Shot Blocked by Miro Aaltonen.
15:50 of 2nd period - Snap shot by Miro Aaltonen.
15:50 of 2nd period - Stopped by Andrei Vasilevskiy without a rebound.
15:51 of 2nd period - Nikita Kucherov wins face-off versus Anze Kopitar in Penguins zone.
16:00 of 2nd period - Slapshot by Keith Aulie.
16:00 of 2nd period - Stopped by Jonathan Quick without a rebound.
16:01 of 2nd period - Derek Stepan wins face-off versus Anze Kopitar in Panthers zone.
16:02 of 2nd period - Wrist shot by Nikita Kucherov.
16:02 of 2nd period - Shot Misses the Net.
16:04 of 2nd period - Snap shot by William Nylander.
16:04 of 2nd period - Deflect By Nikita Kucherov.
16:04 of 2nd period - Shot Misses the Net.
16:04 of 2nd period - Puck is out of play.
16:05 of 2nd period - Anze Kopitar wins face-off versus Derek Stepan in Panthers zone.
16:07 of 2nd period - Minor Penalty to Erik Gudbranson for Hooking.
16:08 of 2nd period - Anze Kopitar wins face-off versus Steven Stamkos in Panthers zone.
18:07 of 2nd period - Penalty to Erik Gudbranson is over, Erik Gudbranson is back on ice.
18:17 of 2nd period - Benoit Pouliot is hit by Keith Aulie.
19:19 of 2nd period - Icing by Robert Hagg.
19:20 of 2nd period - Elias Lindholm wins face-off versus Josh Jooris in Penguins zone.
19:25 of 2nd period - Snap shot by Beau Bennett.
19:25 of 2nd period - Stopped by Andrei Vasilevskiy with a rebound.
19:27 of 2nd period - Snap shot by Beau Bennett.
19:27 of 2nd period - Shot Misses the Net.
19:29 of 2nd period - Slapshot by Elias Lindholm.
19:29 of 2nd period - Shot Misses the Net.
19:39 of 2nd period - Oscar Klefbom is hit by Miro Aaltonen and loses puck.
Goals for this period are 1 for Penguins vs 2 for Panthers.
Shots for this period are 14 for Penguins vs 19 for Panthers.
3rd period
0:01 of 3rd period - Steven Stamkos wins face-off versus Anze Kopitar in neutral zone.
0:26 of 3rd period - Oscar Klefbom is hit by Kyle Okposo and loses puck.
0:51 of 3rd period - Snap shot by Josh Jooris.
0:51 of 3rd period - Stopped by Jonathan Quick without a rebound.
0:52 of 3rd period - Josh Jooris wins face-off versus Elias Lindholm in Panthers zone.
0:53 of 3rd period - Wrist shot by Mats Zuccarello.
0:53 of 3rd period - Shot Blocked by Benoit Pouliot.
0:59 of 3rd period - Keith Aulie is hit by Erik Gudbranson and loses puck.
1:18 of 3rd period - Steven Stamkos is hit by Anze Kopitar and loses puck.
2:05 of 3rd period - Wrist shot by Chris Bourque.
2:05 of 3rd period - Deflect By Quinton Howden.
2:05 of 3rd period - Stopped by Andrei Vasilevskiy with a rebound.
2:07 of 3rd period - Wrist shot by Dalton Prout.
2:07 of 3rd period - Stopped by Andrei Vasilevskiy with a rebound.
2:09 of 3rd period - Wrist shot by Chris Bourque.
2:09 of 3rd period - Goal by Chris Bourque - Penguins : 1 - Panthers : 3.
2:10 of 3rd period - Steven Stamkos wins face-off versus Anze Kopitar in neutral zone.
2:18 of 3rd period - Snap shot by Jamie Benn.
2:18 of 3rd period - Stopped by Jonathan Quick with a rebound.
2:20 of 3rd period - Wrist shot by Jamie Benn.
2:20 of 3rd period - Stopped by Jonathan Quick with a rebound.
2:22 of 3rd period - Snap shot by Steven Stamkos.
2:22 of 3rd period - Deflect By Jamie Benn.
2:22 of 3rd period - Goal by Jamie Benn - Penguins : 2 - Panthers : 3.
2:23 of 3rd period - Anze Kopitar wins face-off versus Steven Stamkos in neutral zone.
2:54 of 3rd period - Slapshot by Miro Aaltonen.
2:54 of 3rd period - Stopped by Andrei Vasilevskiy without a rebound.
2:55 of 3rd period - Miro Aaltonen wins face-off versus Derek Stepan in Penguins zone.
3:00 of 3rd period - Wrist shot by Kyle Okposo.
3:00 of 3rd period - Stopped by Andrei Vasilevskiy with a rebound.
3:37 of 3rd period - Wrist shot by Nikita Kucherov.
3:37 of 3rd period - Deflect By Derek Stepan.
3:37 of 3rd period - Shot Misses the Net.
3:37 of 3rd period - Puck is out of play.
3:38 of 3rd period - Steven Stamkos wins face-off versus Anze Kopitar in Panthers zone.
3:45 of 3rd period - Snap shot by Marcus Foligno.
3:45 of 3rd period - Shot Misses the Net.
3:47 of 3rd period - Snap shot by Jamie Benn.
3:47 of 3rd period - Deflect By Erik Gudbranson.
3:47 of 3rd period - Shot Misses the Net.
3:47 of 3rd period - Puck is out of play.
3:48 of 3rd period - Steven Stamkos wins face-off versus Anze Kopitar in Panthers zone.
3:53 of 3rd period - Wrist shot by Marcus Foligno.
3:53 of 3rd period - Stopped by Jonathan Quick without a rebound.
3:54 of 3rd period - Anze Kopitar wins face-off versus Marcus Foligno in Panthers zone.
4:53 of 3rd period - Wrist shot by Oscar Klefbom.
4:53 of 3rd period - Deflect By Nikita Kucherov.
4:53 of 3rd period - Shot Misses the Net.
4:53 of 3rd period - Puck is out of play.
4:54 of 3rd period - Derek Stepan wins face-off versus Anze Kopitar in Panthers zone.
5:21 of 3rd period - Miro Aaltonen is hit by Cal Clutterbuck and loses puck.
5:28 of 3rd period - Snap shot by Paul Stastny.
5:28 of 3rd period - Shot Blocked by Miro Aaltonen.
5:44 of 3rd period - Beau Bennett is hit by Nick Leddy.
5:45 of 3rd period - Beau Bennett from Panthers is injured at 5:45 of 3rd period (Bruised Right Arm).
5:46 of 3rd period - Anze Kopitar wins face-off versus Steven Stamkos in Panthers zone.
6:41 of 3rd period - Slapshot by Justin Schultz.
6:41 of 3rd period - Deflect By Alex Goligoski.
6:41 of 3rd period - Stopped by Jonathan Quick without a rebound.
6:42 of 3rd period - Anze Kopitar wins face-off versus Steven Stamkos in Panthers zone.
6:48 of 3rd period - Alex Goligoski is hit by Oscar Klefbom and loses puck.
6:59 of 3rd period - Snap shot by Marcus Foligno.
6:59 of 3rd period - Shot Hit the Post.
7:05 of 3rd period - Minor Penalty to Kris Versteeg for Hooking.
7:06 of 3rd period - Steven Stamkos wins face-off versus Anze Kopitar in Panthers zone.
7:09 of 3rd period - Wrist shot by Steven Stamkos.
7:09 of 3rd period - Shot Misses the Net.
7:37 of 3rd period - Slapshot by Oliver Ekman-Larsson.
7:37 of 3rd period - Stopped by Jonathan Quick with a rebound.
7:39 of 3rd period - Snap shot by Jamie Benn.
7:39 of 3rd period - Stopped by Jonathan Quick without a rebound.
7:40 of 3rd period - Anze Kopitar wins face-off versus Steven Stamkos in Panthers zone.
8:10 of 3rd period - Slapshot by Oliver Ekman-Larsson.
8:10 of 3rd period - Goal by Oliver Ekman-Larsson - Penguins : 3 - Panthers : 3.
8:11 of 3rd period - Miro Aaltonen wins face-off versus Steven Stamkos in neutral zone.
9:05 of 3rd period - Wrist shot by Cal Clutterbuck.
9:05 of 3rd period - Shot Blocked by Benoit Pouliot.
9:07 of 3rd period - Slapshot by Paul Stastny.
9:07 of 3rd period - Stopped by Jonathan Quick with a rebound.
9:09 of 3rd period - Slapshot by Robert Hagg.
9:09 of 3rd period - Stopped by Jonathan Quick without a rebound.
9:10 of 3rd period - Steven Stamkos wins face-off versus Miro Aaltonen in Panthers zone.
9:16 of 3rd period - Off-side.
9:17 of 3rd period - Steven Stamkos wins face-off versus Miro Aaltonen in neutral zone.
9:22 of 3rd period - Slapshot by Keith Aulie.
9:22 of 3rd period - Deflect By Steven Stamkos.
9:22 of 3rd period - Stopped by Jonathan Quick with a rebound.
9:44 of 3rd period - Snap shot by Steven Stamkos.
9:44 of 3rd period - Stopped by Jonathan Quick with a rebound.
10:44 of 3rd period - Wrist shot by Alexander Semin.
10:44 of 3rd period - Stopped by Andrei Vasilevskiy with a rebound.
10:46 of 3rd period - Snap shot by Alexander Semin.
10:46 of 3rd period - Stopped by Andrei Vasilevskiy without a rebound.
10:47 of 3rd period - Anze Kopitar wins face-off versus Derek Stepan in Penguins zone.
11:05 of 3rd period - Minor Penalty to Oliver Ekman-Larsson for Hooking.
11:06 of 3rd period - Anze Kopitar wins face-off versus Derek Stepan in Penguins zone.
11:06 of 3rd period - Backhand shot by Dalton Prout.
11:06 of 3rd period - Stopped by Andrei Vasilevskiy without a rebound.
11:07 of 3rd period - Derek Stepan wins face-off versus Anze Kopitar in Penguins zone.
11:22 of 3rd period - Slapshot by Dalton Prout.
11:22 of 3rd period - Shot Misses the Net.
11:24 of 3rd period - Slapshot by Timo Meier.
11:24 of 3rd period - Shot Misses the Net.
12:04 of 3rd period - Kyle Okposo is hit by Robert Hagg and loses puck.
13:05 of 3rd period - Penalty to Oliver Ekman-Larsson is over, Oliver Ekman-Larsson is back on ice.
13:30 of 3rd period - Benoit Pouliot is hit by Nikita Kucherov and loses puck.
14:34 of 3rd period - Minor Penalty to Niklas Hansson for Hooking.
14:35 of 3rd period - Anze Kopitar wins face-off versus Steven Stamkos in Panthers zone.
14:40 of 3rd period - Wrist shot by Cameron Gaunce.
14:40 of 3rd period - Stopped by Andrei Vasilevskiy with a rebound.
15:15 of 3rd period - Wrist shot by Marcus Foligno.
15:15 of 3rd period - Stopped by Jonathan Quick without a rebound.
15:16 of 3rd period - William Nylander wins face-off versus Anze Kopitar in Panthers zone.
15:41 of 3rd period - Jamie Benn is hit by Erik Gudbranson and loses puck.
16:34 of 3rd period - Penalty to Niklas Hansson is over, Niklas Hansson is back on ice.
17:04 of 3rd period - Erik Gudbranson is hit by Mats Zuccarello and loses puck.
19:01 of 3rd period - Alex Goligoski is hit by Steven Stamkos and loses puck.
Goals for this period are 2 for Penguins vs 1 for Panthers.
Shots for this period are 14 for Penguins vs 9 for Panthers.
Overtime #1
0:01 of 1st overtime period - Steven Stamkos wins face-off versus Anze Kopitar in neutral zone.
0:44 of 1st overtime period - Slapshot by Derek Stepan.
0:44 of 1st overtime period - Goal by Derek Stepan - Penguins : 4 - Panthers : 3.
Goals for this period are 1 for Penguins vs 0 for Panthers.
Shots for this period are 1 for Penguins vs 0 for Panthers.